 Dungeon Crawl Stone Soup version 0.28-a0-461-g2dc4ca5097 (webtiles) character file.

Game seed: 12355142315284181231

63 Demosthentine the Poker (level 4, -3/35 HPs)
             Began as a Merfolk Gladiator on Sept 14, 2021.
             Killed by divine providence
             ... invoked by an orc priest
              (11 damage)
             ... on level 2 of the Dungeon.
             The game lasted 00:01:15 (1290 turns).

Demosthentine the Poker (Merfolk Gladiator)         Turns: 1290, Time: 00:01:15

Health: -3/35      AC:  5    Str: 15    XL:     4   Next: 10%
Magic:  4/4        EV: 13    Int:  7    God:
Gold:   57         SH:  0    Dex: 15    Spells: 3/3 levels left

rFire   . . .      SeeInvis .   a - +0 trident
rCold   . . .      Faith    .   (no shield)
rNeg    . . .      Spirit   .   b - +0 leather armour
rPois   .          Reflect  .   c - +1 helmet
rElec   .          Harm     .   (no cloak)
rCorr   .          Rampage  .   (no gloves)
Will    .....                   (no boots)
Stlth   +.........              f - amulet of regeneration
HPRegen 1.11/turn               (no ring)
MPRegen 0.09/turn               (no ring)

@: no status effects
A: (nimble swimmer 2), mertail
a: no special abilities


You were on level 2 of the Dungeon.
You visited 1 branch of the dungeon, and saw 3 of its levels.

You collected 57 gold pieces.

Inventory:

Hand Weapons
 a - a +0 trident (weapon)
Missiles
 d - 3 throwing nets (quivered)
Armour
 b - a +0 leather armour (worn)
 c - a +1 helmet (worn)
Jewellery
 f - an amulet of regeneration (around neck)
Potions
 e - a potion of degeneration {unknown}
 h - a potion of curing


   Skills:
 + Level 3.0 Fighting
 + Level 5.1 Polearms
 - Level 2.0 Throwing
 + Level 1.1 Armour
 + Level 4.8 Dodging


You had 3 spell levels left.
You didn't know any spells.
Your spell library was empty.

Dungeon Overview and Level Annotations

Branches:
Dungeon (3/15)

Altars:

Annotations:
D:2 Terence


Innate Abilities, Weirdness & Mutations

((You are quick and stealthy near water. (Stealth+, EV+, Speed+++)))
Your lower body shifts to a powerful aquatic tail in water.


Message History

Aim: an orc priest, wielding a +0 club and wearing a +0 leather armour (heavily wounded, about 40% to evade your +0 trident)
The orc is in the way.
You barely miss the orc. The orc closely misses you. The orc misses you.
Unknown command.
Reach: a) +0 trident
Press: ? - help, Dir - move target, f/p - orc priest
Aim: an orc priest, wielding a +0 club and wearing a +0 leather armour (heavily wounded, about 40% to evade your +0 trident)
You reach to attack!
You barely miss the orc priest.
The orc priest is heavily wounded.
The orc priest looks braver for a moment.
The orc misses you.
Reach: a) +0 trident
Press: ? - help, Dir - move target, f/p - orc priest
Aim: an orc priest, wielding a +0 club and wearing a +0 leather armour (heavily wounded, about 40% to evade your +0 trident)
The orc is in the way.
You barely miss the orc. The orc misses you.
Unknown command.
Reach: a) +0 trident
Press: ? - help, Dir - move target, f/p - orc priest
Aim: an orc priest, wielding a +0 club and wearing a +0 leather armour (heavily wounded, about 40% to evade your +0 trident)
You reach to attack!
You barely miss the orc priest.
The orc priest is heavily wounded.
The orc hits you but does no damage.
Reach: a) +0 trident
Press: ? - help, Dir - move target, f/p - orc priest
Aim: an orc priest, wielding a +0 club and wearing a +0 leather armour (heavily wounded, about 40% to evade your +0 trident)
You reach to attack!
You hit the orc priest but do no damage.
The orc priest is heavily wounded.
The orc priest mumbles some strange prayers to Beogh against you.
Beogh smites you!
* * * LOW HITPOINT WARNING * * *
The orc barely misses you.
Reach: a) +0 trident
Press: ? - help, Dir - move target, f/p - orc priest
Aim: an orc priest, wielding a +0 club and wearing a +0 leather armour (heavily wounded, about 40% to evade your +0 trident)
The orc is in the way.
You hit the orc.
The orc is moderately wounded.
The orc priest calls down the wrath of Beogh upon you.
Beogh smites you!
You die...

######### .........#######
...............# ...............#
...............# ...............#
..............o######## #########
..............oo@.....###.......#
..............o######...#.......#
...............# ###.........#
..########..#### ###.......# .##
##..# #......(# ## ###...#
#####.### .# #...#o#### ####
#.### .# #.#.#....##......
####...# ... #................
#.......


You could see an orc priest and 3 orcs.

Vanquished Creatures
  An orc wizard (D:2)
  A worm (D:2)
  An orc (D:2)
  2 bats (D:1)
  4 endoplasms
  5 goblins (D:1)
  6 hobgoblins
  A quokka (D:2)
  4 ball pythons
  6 frilled lizards (D:1)
  6 kobolds (D:1)
  5 rats
42 creatures vanquished.

Vanquished Creatures (others)
  4 plants (D:1)
4 creatures vanquished.

Grand Total: 46 creatures vanquished

Notes
Turn   | Place    | Note
-------+----------+-------------------------------------------
     0 | D:1      | Demosthentine the Merfolk Gladiator began the quest for the
                  | Orb.
     0 | D:1      | Reached XP level 1. HP: 16/16 MP: 1/1
   264 | D:1      | Reached XP level 2. HP: 23/23 MP: 2/2
   823 | D:1      | Reached XP level 3. HP: 28/28 MP: 3/3
  1139 | D:2      | Noticed Terence
  1139 | D:2      | You fall into a shaft and drop 1 floor!
  1216 | D:2      | Reached skill level 1 in Armour
  1251 | D:2      | Reached skill level 5 in Polearms
  1285 | D:2      | Reached XP level 4. HP: 16/35 MP: 4/4
  1290 | D:2      | Killed from afar by an orc priest

Illustrated notes

Levels and vault maps discovered:
D:1:      tarquinn_simple_flora_water_f, layout_loops_ring,
          lexackson_kobold_supper
D:2:      cheibrodos_pilgrimage, layout_rooms,
          hellmonk_ecumenical_altar_pennies_from_heaven, uniq_terence
D:3:      layout_loops_corners, trog_book, okawaru_altar_gauntlet_db

Skill      XL: |  1  2  3 |
---------------+----------+-----
Armour         | 1 |  1.1
Polearms       | 5 |  5.1
Fighting       | 3 |  3.0
Throwing       | |  2.0
Dodging        | |  4.8

Action                   |  1- 3 |  4- 6 || total
-------------------------+-------+-------++-------
Melee: Trident           |   130 |     6 ||   136
  Use: Scroll            |     3 |       ||     3
 Stab: Sleeping          |     3 |       ||     3
       Distracted        |     1 |       ||     1
Armor: Leather armour    |    25 |     1 ||    26
Dodge: Dodged            |    49 |     5 ||    54

Table legend: (Time is in decaauts)
 A = Elapsed time spent in this place.
 B = Non-inter-level travel time spent in this place.
 C = Inter-level travel time spent in this place.
 D = Time resting spent in this place.
 E = Time spent auto-exploring this place.
 F = Levels seen in this place.
 G = Mean time per level.
                   A        B        C        D        E       F      G
               +--------+--------+--------+--------+--------+-----+--------+
         Total |   1298 |   1285 |     13 |      0 |   1001 |   3 |  432.7 |
       Dungeon |   1298 |   1285 |     13 |      0 |   1001 |   3 |  432.7 |
               +--------+--------+--------+--------+--------+-----+--------+

Top non-repeatable levels by time:
     D:1: 1066 daAuts
     D:2: 200 daAuts
     D:3: 31 daAuts
